 Dungeon Crawl Stone Soup version 0.16.0-11-gd45b091 (webtiles) character file.

629 maniek23 the Covert (level 7, 0/49 HPs)
             Began as a Vampire Enchanter on Mar 17, 2015.
             Slain by a giant frog skeleton (7 damage)
             ... on level 4 of the Dungeon.
             The game lasted 00:30:37 (4300 turns).

maniek23 the Covert (Vampire Enchanter)             Turns: 4300, Time: 00:30:37

Health: 0/49       AC:  1    Str:  7    XL:     7   Next: 23%
Magic:  7/13       EV: 13    Int: 18    God:
Gold:   164        SH:  0    Dex: 15    Spells: 3 memorised, 4 levels left

rFire  . . .     SeeInvis +     u - +2 dagger (venom)
rCold  + . .     Clarity  .     f - +0 leather armour
rNeg   + + .     SustAb   .     (no shield)
rPois  +         Gourm    .     (no helmet)
rElec  .         Spirit   .     (no cloak)
rCorr  .         Warding  .     (no gloves)
rMut   .         Stasis   .     (no boots)
MR     .....                    (no amulet)
Stlth  +++++.....               (no ring)
                                (no ring)

@: regenerating slowly, not resistant to hostile enchantments, quite stealthy
A: bottle blood, fangs 3, talons 1, camouflage 1, see invisible, deformed body,
sense surroundings 1, unbreathing
a: Bat Form


You were on level 4 of the Dungeon.
You were very thirsty.

You visited 1 branch of the dungeon, and saw 4 of its levels.

You collected 164 gold pieces.

Inventory:

Hand weapons
 a - a +1 dagger
 h - a +0 short sword
 q - a cursed -3 long sword
 u - a +2 dagger of venom (weapon)
 B - a cursed -3 dagger
Missiles
 i - 14 stones (quivered)
 k - 43 poisoned needles
 s - 13 bolts
 y - 24 silver sling bullets
 A - 5 silver bolts
Armour
 b - a +1 robe
 f - a +0 leather armour (worn)
Scrolls
 e - 2 scrolls of enchant weapon {unknown}
 g - 2 scrolls of identify
 l - a scroll of remove curse
 n - 3 scrolls of magic mapping
 r - 2 scrolls of teleportation {unknown}
 w - a scroll of enchant armour {unknown}
 z - a scroll of immolation {unknown}
 C - 2 scrolls of recharging {unknown}
 E - a scroll of blinking {unknown}
 F - a scroll of random uselessness {unknown}
Potions
 d - 20 potions of blood
 j - 2 potions of curing
 m - a potion of brilliance {unknown}
 o - a potion of poison {unknown}
 p - a potion of heal wounds {unknown}
 v - a potion of haste {unknown}
 x - a potion of cure mutation {unknown}
 D - a potion of flight {unknown}
Books
 c - a book of Maledictions

   Spells                             Type                      Level
   a - Corona                         Hexes                        1
   b - Sure Blade                     Hexes/Charms                 2
   c - Ensorcelled Hibernation        Hexes/Ice                    2
   d - Confuse                        Hexes                        3
   e - Dazzling Spray                 Conjuration/Hexes            3
   f - Enslavement                    Hexes                        4
 t - a book of the Dragon

   Spells                             Type                      Level
   a - Flight                         Charms/Air                   3
   b - Cause Fear                     Hexes                        4
   c - Bolt of Fire                   Conjuration/Fire             6
   d - Dragon Form                    Transmutation                7
   e - Dragon's Call                  Summoning                    9


   Skills:
 + Level 1.9 Fighting
 + Level 2.1 Short Blades
 + Level 1.1 Throwing
 + Level 1.2 Armour
 + Level 4.5 Dodging
 + Level 8.1 Stealth
 + Level 2.8 Spellcasting
 + Level 5.9 Hexes


You had 4 spell levels left.
You knew the following spells:

 Your Spells              Type           Power        Failure   Level  Hunger
a - Corona                Hex            ###....      1%          1    None
b - Confuse               Hex            ###.....     8%          3    ###....
c - Dazzling Spray        Conj/Hex       ##......     24%         3    ###....


Dungeon Overview and Level Annotations

Branches:
Dungeon (4/15)
 Temple: D:4-7

Altars:


Innate Abilities, Weirdness & Mutations

You heal slowly.
You can bottle blood from corpses.
You have razor-sharp teeth.
You have supernaturally acute eyesight.
You can survive without breathing.
You have sharp toenails.
Your skin changes colour to match your surroundings (Stealth).
Armour fits poorly on your strangely shaped body.
You passively map a small area around you.


Message History

There is a stone staircase leading down here.
A giant frog skeleton comes into view.
You start resting.
The worker ant twitches its antennae in your direction.
Use which ability? (? or * to list)
Your transformation has ended.
Your +2 dagger of venom unmelds from your body.
Your +0 leather armour unmelds from your body.
It begins to drip with poison!
Casting: Dazzling Spray
Confirm with . or Enter, or press ? or * to list all spells.
Aiming: Dazzling Spray
Press: ? - help, Shift-Dir - straight line, f - worker ant
Aim: a worker ant The spray of energy misses the worker ant.
You are feeling very thirsty.
You closely miss the worker ant. The worker ant bites you.
* * * LOW HITPOINT WARNING * * *
The giant frog skeleton hits you!
You die...

###
#.##########
#.Z........#
#@########.#
#a# #.# #.#
#.# #.# #.#
#.# #Z# #.#
#.# #.# #.#
#.########.#
#.#.)....#.#


You could see a worker ant and a giant frog skeleton.

Vanquished Creatures
  Grinder (D:3)
  A phantom (D:4)
  An ogre (D:4)
  4 orc wizards
  2 gnolls (D:4)
  4 adders
  2 worms (D:3)
  3 giant geckos
  2 oozes (D:3)
  18 orcs
  6 bats
  7 giant cockroaches
  7 goblins
  8 hobgoblins
  2 jackals (D:3)
  A quokka (D:2)
  A ball python (D:2)
  4 giant newts
  9 kobolds
  10 rats
  A plant (D:1)
  A toadstool (D:1)
95 creatures vanquished.

Vanquished Creatures (others)
  3 toadstools (D:1)
3 creatures vanquished.

Grand Total: 98 creatures vanquished

Notes
Turn   | Place    | Note
--------------------------------------------------------------
     0 | D:1      | maniek23, the Vampire Enchanter, began the quest for the Orb.
     0 | D:1      | Reached XP level 1. HP: 13/13 MP: 3/3
   633 | D:1      | Reached XP level 2. HP: 14/19 MP: 4/4
   743 | D:2      | Reached skill level 5 in Hexes
   774 | D:2      | Reached XP level 3. HP: 7/24 MP: 6/6
   987 | D:2      | Learned a level 3 spell: Confuse
  1064 | D:2      | Reached skill level 5 in Stealth
  1862 | D:2      | Gained mutation: You passively map a small area around you. [potion of mutation]
  1862 | D:2      | Gained mutation: Armour fits poorly on your strangely shaped body. [potion of mutation]
  1897 | D:3      | Reached XP level 4. HP: 11/31 MP: 5/8
  2468 | D:3      | Gained mutation: You have sharp toenails. [potion of mutation]
  2468 | D:3      | Gained mutation: Your skin changes colour to match your surroundings (Stealth). [potion of mutation]
  2552 | D:3      | Reached skill level 1 in Fighting
  2579 | D:3      | Noticed Grinder
  2586 | D:3      | Killed Grinder
  2586 | D:3      | Reached skill level 1 in Throwing
  2586 | D:3      | Reached skill level 7 in Stealth
  2586 | D:3      | Reached XP level 5. HP: 28/37 MP: 9/9
  2586 | D:3      | Reached XP level 6. HP: 32/43 MP: 11/11
  3407 | D:3      | Learned a level 3 spell: Dazzling Spray
  3881 | D:4      | Reached skill level 1 in Armour
  3881 | D:4      | Reached skill level 8 in Stealth
  3881 | D:4      | Reached XP level 7. HP: 37/48 MP: 10/13
  4300 | D:4      | Slain by a giant frog skeleton

Action                   |  1- 3 |  4- 6 |  7- 9 || total
-------------------------+-------+-------+-------++-------
Melee: Dagger            |   137 |   114 |    34 ||   285
       Short sword       |    31 |       |       ||    31
Throw: Stone             |    22 |       |     8 ||    30
 Cast: Confuse           |     2 |     8 |       ||    10
       Dazzling Spray    |       |     1 |     5 ||     6
 Abil: End Transformatio |       |     1 |     2 ||     3
       Bat Form          |       |     1 |     2 ||     3
  Use: Scroll            |     4 |     1 |       ||     5
       Potion            |     3 |     5 |       ||     8
 Stab: Sleeping          |     5 |    13 |     1 ||    19
       Distracted        |     1 |     1 |       ||     2
       Confused          |     1 |     4 |       ||     5
       Invisible         |       |       |     1 ||     1
  Eat: Corpse            |       |     1 |       ||     1
